AoeStats
← Enki

Arena

510182207Analyzed
4v4 RM · 3d ago on Sep 29, 2026· 50m 17s· 8 players
Game mode
Random Map
Map size
Large (8 player)
Population
200
Speed
Normal
Resources
Standard
Victory
Conquest
Starting age
Dark Age
Ending age
Imperial Age
RankedLock teamsTeams togetherTeam positionsShared explorationLock speedFull tech treeHidden civsTurbo modeCheats
Victory
Defeat
🇦🇷 Khmer · Argentina
976
+13
🇦🇷 Huns · Argentina
917
+16
🇦🇷 Franks · Argentina
821
+21
🇨🇿 Portuguese · Czechia
817
+20
🇲🇽 Burmese · Mexico
967
-20
🇨🇿 Slavs · Czechia
924
-18
🇺🇸 Teutons · United States
918
-18
🇦🇷 Bohemians · Argentina
832
-14
decayon
10:23 Feudal Age
12:34 Double-Bit Axe
15:48 Castle Age
13:41 Horse Collar
17:14 Bow Saw
17:06 Heavy Plow
22:40 Gold Mining
22:40 Stone Mining
26:04 Scale Barding Armor
26:10 Forging
26:54 Bloodlines
27:17 Chain Barding Armor
26:48 Fletching
27:56 Wheelbarrow
27:07 Loom
27:09 Town Watch
29:01 Iron Casting
28:21 Stone Mining
29:30 Bodkin Arrow
30:11 Hand Cart
30:25 Town Patrol
34:14 Imperial Age
rafaguila
7:38 Loom
10:09 Feudal Age
14:01 Castle Age
11:56 Horse Collar
14:55 Wheelbarrow
19:39 Fervor
23:14 Scale Barding Armor
23:21 Heavy Plow
23:56 Husbandry
24:08 Forging
24:24 Bloodlines
26:51 Chain Barding Armor
28:33 Iron Casting
31:13 Imperial Age
28:58 Town Watch
30:58 Scale Mail Armor
30:19 Pikeman
31:53 Hand Cart
31:40 Gold Mining
31:41 Stone Mining
32:31 Plate Barding Armor
32:57 Blast Furnace
31:36 Capped Ram
33:15 Gold Shaft Mining
34:27 Howdah
34:48 Conscription
34:12 Elite Battle Elephant
36:58 Chemistry
38:01 Man-at-Arms
38:27 Gambesons
38:43 Squires
39:10 Chain Mail Armor
38:44 Arson
38:44 Man-at-Arms
39:25 Squires
39:23 Long Swordsman
Kurvinek
10:38 Feudal Age
11:13 Double-Bit Axe
11:13 Horse Collar
13:42 Wheelbarrow
19:00 Castle Age
17:29 Stone Mining
19:20 Forging
19:12 Padded Archer Armor
19:12 Scale Mail Armor
20:33 Bow Saw
20:26 Heavy Plow
21:28 Town Watch
22:51 Hand Cart
23:17 Iron Casting
25:13 Gold Mining
27:14 Detinets
34:47 Imperial Age
32:20 Town Patrol
32:39 Chain Mail Armor
32:40 Leather Archer Armor
32:16 Fletching
33:21 Gold Shaft Mining
36:28 Conscription
36:32 Squires
35:54 Pikeman
37:31 Halberdier
40:38 Crop Rotation
41:49 Blast Furnace
Kayan
2:59 Loom
9:37 Feudal Age
10:39 Double-Bit Axe
10:36 Horse Collar
13:25 Wheelbarrow
19:12 Castle Age
21:06 Hand Cart
21:05 Bow Saw
29:18 Wagenburg Tactics
28:37 Pikeman
32:56 Imperial Age
30:52 Squires
31:50 Caravan
34:38 Chemistry
38:20 Onager
39:18 Forging
38:58 Fletching
40:33 Two-Man Saw
40:17 Fortified Wall
TermodeMiller
5:31 Loom
11:22 Feudal Age
11:50 Double-Bit Axe
16:37 Gold Mining
18:23 Wheelbarrow
22:18 Castle Age
20:10 Stone Mining
21:04 Fletching
21:15 Padded Archer Armor
25:24 Gold Shaft Mining
27:53 Hand Cart
27:57 Bow Saw
31:23 Ballistics
31:37 Scale Barding Armor
31:27 Bodkin Arrow
38:37 Imperial Age
37:27 Fortified Wall
42:09 Chain Barding Armor
43:45 Chemistry
44:02 Cavalier
44:43 Husbandry
47:54 Hoardings
48:33 Leather Archer Armor
48:48 Spies/Treason
Drako
12:01 Feudal Age
13:00 Double-Bit Axe
13:18 Horse Collar
19:23 Castle Age
19:29 Wheelbarrow
18:48 Town Watch
20:26 Bow Saw
20:06 Pikeman
23:56 Loom
25:03 Man-at-Arms
30:01 Imperial Age
27:52 Fortified Wall
30:36 Heavy Plow
32:03 Murder Holes
34:43 Ballistics
36:56 Halberdier
38:22 Gambesons
40:32 Chemistry
42:01 Fletching
42:21 Forging
42:17 Long Swordsman
43:53 Crop Rotation
45:11 Arson
44:46 Two-Handed Swordsman
45:29 Champion
47:31 Two-Man Saw
47:32 Capped Ram
48:05 Spies/Treason
JfuRy
10:14 Feudal Age
17:08 Castle Age
19:52 Horse Collar
20:04 Gold Mining
20:01 Double-Bit Axe
23:41 Bow Saw
23:38 Heavy Plow
26:13 Wheelbarrow
30:45 Imperial Age
30:53 Imperial Age
28:39 Hand Cart
29:16 Gold Shaft Mining
29:13 Husbandry
29:24 Bloodlines
31:55 Cavalier
32:38 Capped Ram
34:33 Light Cavalry
35:17 Siege Ram
38:03 Crop Rotation
42:41 Forging
42:37 Scale Barding Armor
42:11 Hussar
42:42 Town Watch
42:44 Loom
42:53 Stone Mining
45:14 Iron Casting
45:00 Chain Barding Armor
48:37 Blast Furnace
48:13 Plate Barding Armor
47:02 Elite Battle Elephant
47:45 Caravan
48:15 Coinage
47:48 Town Patrol
48:27 Stone Shaft Mining
48:49 Conscription
49:13 Hoardings
48:09 Sappers
48:39 Double Crossbow
48:39 Tusk Swords
48:00 Elite Ballista Elephant
48:01 Spies/Treason
48:07 Spies/Treason
49:43 Scale Mail Armor
49:47 Padded Archer Armor
49:39 Fletching
50:30 Double Crossbow
49:50 Elite Ballista Elephant
50:31 Tusk Swords
50:02 Sappers
51:07 Hoardings
Enki
0:30 Loom
9:43 Feudal Age
16:35 Castle Age
15:41 Double-Bit Axe
18:30 Town Watch
22:12 Wheelbarrow
23:19 Gold Mining
23:25 Horse Collar
25:37 Heavy Plow
30:51 Imperial Age
28:42 Hand Cart
28:52 Fletching
31:07 Bloodlines
30:58 Husbandry
33:46 Conscription
32:55 Cavalier
33:43 Bodkin Arrow
33:52 Pikeman
35:10 Halberdier
36:04 Forging
35:56 Scale Mail Armor
36:03 Scale Barding Armor
37:54 Iron Casting
37:15 Paladin
38:34 Chain Mail Armor
41:33 Blast Furnace
40:54 Chain Barding Armor
Connection lost

Rejoining the realm…

Still unreachable

The connection could not be restored.

Session expired

The server has moved on; the page needs a fresh start.